 Dungeon Crawl Stone Soup version 0.32-a0-290-g598725c5f2 (webtiles) character file.

Game seed: 4778807429788153622

8173 jasper the Cleaver (level 11, -4/93 (95) HPs)
             Began as a Mountain Dwarf Cinder Acolyte on Feb 13, 2024.
             Was a Follower of Ignis.
             Slain by a wyvern (5 damage)
             ... on level 9 of the Dungeon.
             The game lasted 00:15:23 (10699 turns).

jasper the Cleaver (Mountain Dwarf Cinder Acolyte) Turns: 10699, Time: 00:15:23

HP:   -4/93 (95)    AC: 25    Str: 23    XL:     11   Next: 6%
MP:   12/12         EV:  7    Int: 15    God:    Ignis [*.....]
Gold: 343           SH:  0    Dex:  9    Spells: 9/12 levels left

rFire   + . .        r - +0 war axe
rCold   . . .        (no shield)
rNeg    . . .        p - +1 plate armour
rPois   .            (no helmet)
rElec   .            k - +0 cloak
rCorr   .            q - +0 pair of gloves
SInv    +            f - +0 pair of boots
Will    ++...        l - amulet of magic regeneration Stlth
                     t - ring "Hupo" {Fly Dex+4}
HPRegen 0.35/turn    y - ring of Maajuq {Will+ Str+2 SInv Stlth+}
MPRegen 0.53/turn

%: no passive effects
@: fiery-armoured, flying, slowed, lightly drained, very slow
A: runic magic, artefact enchanting
a: Renounce Religion, Fiery Armour, Foxfire Swarm


You were on level 9 of the Dungeon.
You worshipped Ignis.
Ignis was aware of your devotion.
You visited 1 branch of the dungeon, and saw 10 of its levels.

You collected 392 gold pieces.
You spent 49 gold pieces at shops.

Inventory:

Hand Weapons
 a - a +0 hand axe of flaming
 c - a +0 battleaxe
 r - a +0 war axe (weapon)
Missiles
 i - 71 stones
 v - 4 javelins
 A - 2 boomerangs
Armour
 b - a +0 robe
 e - a +0 chain mail
 f - a +0 pair of boots (worn)
 k - a +0 cloak (worn)
 p - a +1 plate armour (worn)
 q - a +0 pair of gloves (worn)
 s - a +0 tower shield
Jewellery
 d - a ring of resist corrosion
 l - an amulet of magic regeneration (around neck)
 t - the ring "Hupo" (left hand) {Fly Dex+4}
   (You found it on level 4 of the Dungeon)

   [ring of flight]

   Dex+4:     It affects your dexterity (+4).
   Fly:       It grants you flight.
 y - the ring of Maajuq (right hand) {Will+ Str+2 SInv Stlth+}
   (You found it on level 7 of the Dungeon)

   [ring of willpower]

   Str+2:     It affects your strength (+2).
   Will+:     It increases your willpower.
   SInv:      It lets you see invisible.
   Stlth+:    It makes you more stealthy.
Wands
 j - a wand of iceblast (1)
 D - a wand of flame (34)
Scrolls
 g - 3 scrolls of vulnerability
 o - 4 scrolls of immolation
 u - a scroll of revelation
 x - 3 scrolls of teleportation
 C - a scroll of fog
 E - 2 scrolls of amnesia
 F - 2 scrolls of enchant weapon
 G - a scroll of identify
Potions
 h - 5 potions of curing
 m - 2 potions of enlightenment
 n - 2 potions of magic {unknown}
 w - 2 potions of attraction {unknown}
 z - 2 potions of invisibility {unknown}
 B - 2 potions of brilliance {unknown}


   Skills:
 + Level 8.6 Fighting
 * Level 14.6 Axes
 + Level 7.5 Armour
 - Level 1.0 Spellcasting
 - Level 7.0 Hexes
 - Level 3.6 Fire Magic


You had 9 spell levels left.
You knew the following spells:

 Your Spells              Type           Power      Damage    Failure   Level
b - Tukima's Dance        Hex            21%        N/A       8%          3

Your spell library contained the following spells:

 Spells                   Type           Power      Damage    Failure   Level
 Scorch                   Fire           22%        2d5       16%         2
 Lesser Beckoning         Tloc           0%         N/A       56%         2
 Dimensional Bullseye     Hex/Tloc       5%         N/A       73%         4
 Gell's Gravitas          Tloc           0%         N/A       80%         3
 Hailstorm                Conj/Ice       0%         3d5       80%         3
 Summon Ice Beast         Ice/Summ       0%         N/A       80%         3
 Teleport Other           Tloc           0%         N/A       80%         3
 Iskenderun's Mystic Bla  Conj/Tloc      0%         2d3       99%         4
 Leda's Liquefaction      Alch/Erth      0%         N/A       99%         4
 Lee's Rapid Deconstruct  Erth           0%         3d4*      100%        5
 Bombard                  Conj/Erth      0%         9d1       100%        6
 Sculpt Simulacrum        Ice/Alch       0%         N/A       100%        6


Dungeon Overview and Level Annotations

Branches:
Dungeon (10/15)            Temple (0/1) D:5            Lair (0/5) D:10
    Orc (0/2) D:10

Altars:
Ashenzari
Okawaru
Qazlal
Ru

Shops:
D:4 **   D:8 (

Portals:
Abyss: D:9

Annotations:
D:9 2 transporters, Azoth's ghost, novice TrSh


Innate Abilities, Weirdness & Mutations

Your spellcasting is much less encumbered by armour.
You can use scrolls of enchantment on lesser artefacts.


Message History

* * * LOW HITPOINT WARNING * * *
The wraith drains your vigour!
You feel as though you will be slow longer.
The wyvern bites you.
* * * LOW HITPOINT WARNING * * *
The wraith hits you but does no damage. The wraith closely misses you.
You take 7 damage, and have 26/93 hp.
The wyvern bites you.
* * * LOW HITPOINT WARNING * * *
The wraith attacks as it pursues you! The wraith hits you but does no damage.
You take 2 damage, and have 24/93 hp.
The wyvern bites you but does no damage. x2
A protective cloak of flame settles atop you.
The wyvern bites you!
* * * LOW HITPOINT WARNING * * *
The wyvern is burned by your cloak of flames.
The wyvern is moderately wounded.
The wraith hits you.
* * * LOW HITPOINT WARNING * * *
The wraith drains your vigour!
You feel as though you will be slow longer.
The wraith is burned by your cloak of flames.
The wraith is lightly damaged.
The wyvern bites you but does no damage.
The wyvern is burned by your cloak of flames.
The wyvern is moderately wounded.
You take 9 damage, and have 16/93 hp.
You hit the wraith.
The wraith is moderately damaged.
You slash the wyvern! The wyvern bites you!
* * * LOW HITPOINT WARNING * * *
The wyvern is burned by your cloak of flames.
The wyvern is severely wounded.
The wraith hits you.
* * * LOW HITPOINT WARNING * * *
The wraith is burned by your cloak of flames.
The wraith is heavily damaged.
The wyvern bites you.
You die...
Ignis goes out, and joins you in death.

...#### #...).....#...# ...##.###
#...○)....'...# ....#...#
#####z#####...# ........#
#ß≈≈≈≈≈≈≈ß#...# ........#
#≈≈≈≈≈≈≈≈≈# ..# ........#
#~~~~~~~≈≈# $.#
........#####..W.W....#####
.........##....k####..#..####
...............W@)......##..# #
................)#..........##.##
.....##).........##.....<.#.....
......#..(.......^..##....#.....
.........................##.##.##
..........................>.....#
.................................
.................#.#.............
........#.......##.##............


You could see 2 wraiths and a wyvern.

Vanquished Creatures
  2 two-headed ogres
  A manticore (D:9)
  Jeremiah (D:7)
  2 trolls
  A hornet (D:9)
  Prince Ribbit (D:5)
  Grinder (D:3)
  A blink frog (D:10)
  Sigmund (D:2)
  A wraith (D:8)
  A shadow (D:10)
  A vampire (D:9)
  7 yaks
  2 steam dragons
  Duvessa (D:5)
  A sky beast (D:8)
  An ice beast (D:6)
  A black bear (D:4)
  An ogre (D:7)
  4 centaurs
  A phantom (D:4)
  6 bullfrogs
  2 kobold brigands
  2 scorpions (D:6)
  A gnoll sergeant (D:6)
  9 wights
  Dowan (D:5)
  8 killer bees
  A howler monkey (D:9)
  A bombardier beetle (D:4)
  A hound (D:5)
  A gnoll bouda (D:7)
  6 orc priests
  4 iguanas
  An orc wizard (D:7)
  10 gnolls
  6 adders
  A shadow imp (D:8)
  A white imp (D:6)
  2 ufetubi (D:7)
  3 dart slugs
  30 orcs
  6 ball pythons
  11 endoplasms
  6 giant cockroaches
  6 goblins
  10 hobgoblins
  18 kobolds
  6 quokkas
  6 bats
  6 frilled lizards
  3 rats
208 creatures vanquished.

Vanquished Creatures (collateral kills)
  A shadow imp (D:7)
1 creature vanquished.

Vanquished Creatures (others)
  10 dancing weapons
  An orc wizard (D:7)
11 creatures vanquished.

Grand Total: 220 creatures vanquished

Notes
Turn   | Place    | Note
-------+----------+-------------------------------------------
     0 | D:1      | jasper the Mountain Dwarf Cinder Acolyte began the quest
                  | for the Orb.
     0 | D:1      | Reached XP level 1. HP: 19/19 MP: 2/2
    49 | D:1      | Reached skill level 4 in Axes
    65 | D:1      | Reached XP level 2. HP: 4/26 MP: 3/3
   291 | D:1      | Reached skill level 5 in Axes
   338 | D:1      | Reached XP level 3. HP: 24/31 MP: 4/4
   553 | D:1      | Learned a level 2 spell: Scorch
  1074 | D:2      | Noticed Sigmund
  1089 | D:2      | Killed Sigmund
  1090 | D:2      | Reached skill level 7 in Axes
  1090 | D:2      | Reached XP level 4. HP: 21/38 MP: 3/5
  1090 | D:2      | Reached XP level 5. HP: 25/45 MP: 3/6
  1466 | D:2      | Reached skill level 8 in Axes
  1651 | D:2      | Found a faded altar of an unknown god.
  1944 | D:3      | Reached XP level 6. HP: 51/51 MP: 7/7
  2352 | D:3      | Noticed Grinder
  2381 | D:3      | Paralysed by Grinder for 2 turns
  2386 | D:3      | Killed Grinder
  2387 | D:3      | Reached skill level 9 in Axes
  2392 | D:3      | Learned a level 3 spell: Tukima's Dance
  2682 | D:4      | Found Sygh's Mass Market.
  2690 | D:4      | Bought a +0 tower shield for 49 gold pieces
  2716 | D:4      | Reached skill level 1 in Hexes
  2716 | D:4      | Reached XP level 7. HP: 19/57 MP: 8/8
  3040 | D:4      | Found Sescher's Elemental Accessories.
  3054 | D:4      | Identified the ring "Hupo" {Fly Dex+4}
  3094 | D:4      | Found a sacrificial altar of Ru.
  3773 | D:4      | Found a broken altar of Ashenzari.
  4212 | D:5      | Entered Level 5 of the Dungeon
  4218 | D:5      | Noticed Prince Ribbit
  4231 | D:5      | Killed Prince Ribbit
  4232 | D:5      | Reached skill level 5 in Hexes
  4431 | D:5      | Reached XP level 8. HP: 63/63 MP: 9/9
  4512 | D:5      | Noticed Duvessa
  4512 | D:5      | Noticed Dowan
  4538 | D:5      | Killed Duvessa
  4547 | D:5      | Killed Dowan
  4776 | D:5      | Found a staircase to the Ecumenical Temple.
  5584 | D:6      | Reached skill level 1 in Armour
  5860 | D:6      | Reached skill level 10 in Axes
  6535 | D:6      | Found an iron altar of Okawaru.
  6650 | D:6      | Reached XP level 9. HP: 13/72 MP: 10/10
  6663 | D:6      | HP: 3/72 [orc priest/divine providence (14)]
  7116 | D:7      | Reached skill level 11 in Axes
  7212 | D:7      | Reached skill level 5 in Fighting
  7638 | D:7      | Noticed Jeremiah
  7652 | D:7      | Killed Jeremiah
  7763 | D:7      | Identified the ring of Maajuq {Will+ Str+2 SInv Stlth+}
  7926 | D:7      | Identified the +2 ring mail of Daffodils {rC+ Str+2}
  8225 | D:8      | Noticed a troll
  8233 | D:8      | Killed a troll
  8234 | D:8      | Reached skill level 12 in Axes
  8438 | D:8      | Reached skill level 5 in Armour
  8479 | D:8      | Noticed a two-headed ogre
  8486 | D:8      | Killed a two-headed ogre
  8487 | D:8      | Reached XP level 10. HP: 61/84 MP: 4/11
  8761 | D:8      | Found a stormy altar of Qazlal.
  9001 | D:8      | Found Ubodeb's Weapon Shop.
  9046 | D:9      | Noticed a two-headed ogre
  9057 | D:8      | Reached skill level 13 in Axes
  9138 | D:9      | Noticed a manticore
  9140 | D:9      | Paralysed by a hornet for 3 turns
  9163 | D:10     | Entered Level 10 of the Dungeon
  9687 | D:10     | Found a staircase to the Lair.
  9757 | D:10     | Found a staircase to the Orcish Mines.
  9762 | D:10     | Noticed a two-headed ogre
  9974 | D:9      | Killed a two-headed ogre
  9975 | D:9      | Reached skill level 14 in Axes
 10179 | D:9      | Killed a manticore
 10317 | D:9      | Noticed a white ugly thing
 10339 | D:9      | Found a one-way gate to the infinite horrors of the Abyss.
 10339 | D:9      | Noticed an orange demon
 10340 | D:9      | Noticed a hell hog
 10367 | D:9      | Found a transporter.
 10458 | D:9      | Noticed Azoth's ghost (novice TrSh)
 10464 | D:9      | Noticed a toenail golem
 10493 | D:9      | Found a transporter.
 10659 | D:9      | Reached XP level 11. HP: 95/95 MP: 12/12
 10699 | D:9      | HP: 1/93 [wraith (5)]
 10699 | D:9      | Slain by a wyvern

Illustrated notes

Levels and vault maps discovered:
D:1:      dpeg_arrival_yet_another_circle, layout_loops_ring, minivault_25
D:2:      layout_loops_cross, shapermc_ecumenical_altar_mp_vishouse,
          chequers_serial_rivers_room_b, uniq_sigmund
D:3:      layout_loops_cross, kennysheep_generic_room_13, uniq_grinder
D:4:      black_bear_nest_2, layout_layer_cave, mainiacjoe_overflow_24_doors,
          lemuel_round_altar, minmay_shop_mass, nicolae_elemental_shop
D:5:      layout_basic, minmay_temple_entry_enclosed_plants,
          minmay_misc_feat_room, uniq_prince_ribbit1, uniq_duvessa
D:6:      layout_basic, lemuel_coloured_pillars_altar,
          corexii_item_surrounded_by_moat, chequers_garden,
          corexii_hall_statues_l, minmay_misc_feat_nine_boxes
D:7:      layout_loops_ring, nrook_uturn, hangedman_decor_opposing,
          uniq_jeremiah
D:8:      layout_loops_ring, grunt_qazlal_sundering, serial_shops,
          kennysheep_mini
D:9:      layout_cave_pools, gammafunk_ghost_abyssal_escape, evilmike_minifort
D:10:     layout_irregular_city, dpeg_lair_monsters, david_orc_3, serial_shops,
          shop, serial_glass, glass_columns_c, glass_columns_c,
          minmay_strange_pillars, minivault_25, uniq_erica

Skill      XL: |  1  2  3  4  5  6  7  8  9 10 |
---------------+-------------------------------+-----
Axes           | 4 5 7 8 9 10 12 14 | 14.6
Hexes          | 1 5 7 |  7.0
Armour         | 2 5 7 |  7.5
Fighting       | 4 6 8 |  8.6
Spellcasting   | |  1.0
Fire Magic     | |  3.6

Action                     |  1- 3 |  4- 6 |  7- 9 | 10-12 || total
---------------------------+-------+-------+-------+-------++-------
  Melee: Hand axe          |    96 |   134 |   230 |       ||   460
         War axe           |       |       |   158 |   187 ||   345
  Throw: Dart              |       |       |       |     1 ||     1
   Cast: Scorch            |     5 |     2 |       |       ||     7
         Tukima's Dance    |       |       |    20 |    18 ||    38
 Invoke: Fiery Armour      |     1 |     1 |     7 |     3 ||    12
         Rising Flame      |       |       |       |     1 ||     1
  Evoke: Wand              |       |       |     1 |     5 ||     6
    Use: Scroll            |     4 |       |    10 |     2 ||    16
         Potion            |       |       |     5 |       ||     5
   Stab: Distracted        |       |       |     1 |       ||     1
 Armour: Robe              |    55 |     4 |       |       ||    59
         Chain mail        |       |    70 |       |       ||    70
         Plate armour      |       |    27 |   418 |   245 ||   690
  Dodge: Dodged            |    51 |    48 |   114 |    78 ||   291

Table legend: (Time is in decaauts)
 A = Elapsed time spent in this place.
 B = Non-inter-level travel time spent in this place.
 C = Inter-level travel time spent in this place.
 D = Time resting spent in this place.
 E = Time spent auto-exploring this place.
 F = Levels seen in this place.
 G = Mean time per level.
                   A        B        C        D        E       F      G
               +--------+--------+--------+--------+--------+-----+--------+
         Total |  10612 |  10299 |    313 |   1076 |   7380 |  10 | 1061.2 |
       Dungeon |  10612 |  10299 |    313 |   1076 |   7380 |  10 | 1061.2 |
               +--------+--------+--------+--------+--------+-----+--------+

Top non-repeatable levels by time:
     D:6: 1678 daAuts
     D:4: 1550 daAuts
     D:7: 1160 daAuts
     D:5: 1138 daAuts
     D:1: 1078 daAuts
     D:8: 1056 daAuts
     D:2: 802 daAuts
     D:9: 800 daAuts
     D:3: 755 daAuts
    D:10: 593 daAuts
